[Event "1st FIDE Olympiad DIS 2023"]
[Site "Belgrade"]
[Date "2023.02.01"]
[Round "3.17"]
[White "Shashikant, Kutwal"]
[Black "Gruenfeld, Yehuda"]
[Result "1-0"]
[ECO "B90"]
[WhiteElo "2182"]
[BlackElo "2414"]
[Annotator "TA"]
[PlyCount "116"]
[EventDate "2023.01.30"]
[EventType "team-tourn"]
[EventCountry "SRB"]
[SourceTitle "playchess.com"]
[Source "ChessBase"]
[SourceQuality "1"]
[WhiteTeam "India"]
[BlackTeam "Israel"]
[WhiteTeamCountry "IND"]
[BlackTeamCountry "ISR"]
[TimeControl "40/5400+30:1800+30"]

1. e4 {[%emt 0:00:10] Boensch,Uwe} c5 2. Nf3 d6 3. d4 cxd4 4. Nxd4 Nf6 5. Nc3 a6 6. Be3 e5 7. Nf3 Be7 8. Bc4 O-O 9. O-O Nc6 {[%emt 0:00:43] is recently more successful than 9...Be6.} 10. h3 {[%emt 0:14:44] B90: Sicilian Najdorf: Unusual White 6th moves, 6 Be3 Ng4 and 6 Be3 e5.} Na5 11. Bb3 h6 12. Qe2 {[%emt 0:07:41] The position is equal.} Nxb3 13. axb3 Be6 14. Rfd1 Qe8 15. Nd5 Nxd5 16. exd5 Bd7 {[%emt 0:14:35] [#]} 17. c4 $146 ({Predecessor:} 17. Nd2 f5 18. f4 Bf6 19. Qf2 g5 20. fxe5 Bxe5 21. Bd4 Qg6 22. Bxe5 dxe5 23. Nc4 {0-1 Smirin,I (2640)-Wolff,P (2585) Interzonal-16 1993 (9)}) 17... f5 18. Bb6 f4 (18... Qg6 $17) 19. Nd2 $11 Qg6 20. Qf3 h5 21. Re1 Qh6 $1 22. c5 g5 $1 23. cxd6 g4 (23... Bxd6 $5 24. Qc3 g4 $15) 24. Qd1 (24. hxg4 $2 hxg4 25. Qc3 Bxd6 $19) 24... Bxd6 (24... gxh3 $2 25. dxe7 Rfe8 26. Bd8 $18 (26. Rxe5 Qg7 $14)) 25. h4 Rae8 (25... Bb4 26. Ba5 Bd6 27. Ne4 $11) (25... Rac8 $5 ) 26. Rc1 (26. Ne4 $11) 26... Bf5 (26... g3 $17 27. fxg3 Bg4) 27. Nc4 $15 Bb4 $36 {[%emt 0:01:58][%mdl 2048] ...e4 is the strong threat. Black is pushing. This pair of bishops is nice.} 28. Rf1 (28. Re2 $1 $11) 28... Rf7 $17 29. d6 Bd7 ({Black should try} 29... Qe6 $17 30. Bc7 Bc5) 30. Qd5 $2 (30. Ba5 $1 $11 {and White has nothing to worry.} Bxa5 31. Nxa5) 30... Qf6 $2 (30... Bc6 $19 31. d7 Bxd7 32. Nxe5 Rxe5 33. Qxe5 Qxb6) 31. Bc7 $11 Re6 {[%emt 0:18:32] Hoping for ...g3.} 32. Nb6 (32. Qxb7 $11 Bc5 33. Qd5 (33. Qxa6 $2 g3 $19)) 32... Bc6 $15 (32... Bxd6 33. Nxd7 (33. Qxb7 $2 Bb5 $19) 33... Rxd7 34. Bxd6 (34. Qxb7 Kg7 $15) 34... Rdxd6 35. Rc8+ (35. Qxb7 Rd8 $11) 35... Kh7 36. Qxb7+ Re7 37. Qb8 $11) 33. Rxc6 {[%emt 0:00:37][%mdl 8192] White does not recover from this.} (33. d7 $1 $15 Bxd5 34. Nxd5 Rxd7 35. Nxf6+ Rxf6 36. Bxe5) 33... bxc6 $19 34. Qxc6 Bxd6 (34... Qxh4 35. Qa8+ Kg7 36. Bd8 $16) 35. Nd5 Qh6 (35... Qxh4 $19 {[%cal Og4g3] aiming for ...g3!} 36. Bxd6 Qd8) 36. Bxd6 $17 Rxd6 37. Qe8+ Kg7 $1 38. Qxe5+ Kh7 $1 39. Re1 {[%emt 0:00:35] [#]} g3 $1 40. Rf1 {[%emt 0:03:23] [#]} (40. Nc3 $17 gxf2+ 41. Kxf2 Rd2+ 42. Re2 Rxe2+ 43. Nxe2) 40... Re6 $1 $19 41. Qd4 Qg6 42. f3 $2 (42. fxg3 Qxg3 43. Qf2 Qxf2+ 44. Rxf2) 42... Qf5 43. Qc4 $2 (43. Nc3 Qe5 44. Qd3+ Kg7 45. Ne4) 43... Qe5 44. Nc3 Rd7 45. Ne4 Kg7 46. Kh1 Rd4 47. Qc8 Qb5 48. Rg1 (48. Qc7+ Kg6 49. Rg1) 48... Re7 (48... Qxb3 49. Nc5 Qc4 50. Nxe6+ $18) 49. Ng5 Qd7 {[%emt 0:00:00] Prevents Ne6+.} (49... Qxb3 50. Qf5 (50. Qxa6 $2 Rd1 $19) 50... Rd1 51. Qh7+ (51. Qxf4 $2 Rxg1+ {[%mdl 64] Remove Defender, Back Rank} 52. Kxg1 Re1#) 51... Kf6 52. Qh6+ Kf5 53. Nh3 (53. Qxa6 Rxg1+ {[%mdl 64] Back Rank} 54. Kxg1 Qe3+ 55. Kh1 Qe1+) (53. Qf8+ $2 Kg6 $19) 53... Rxg1+ 54. Nxg1) 50. Qc3 (50. Qc2 $142 Rd3 51. Qc5) 50... Re3 51. Qc2 Rdd3 52. b4 (52. Rf1 $142) 52... Re5 {[%emt 0:03:07] Black is clearly winning.} 53. b3 Ree3 54. Qb2+ Qd4 55. Qc2 Re7 {[%emt 0:00:15][%cal Od4g1] Prevents Qc7. ( -> ...Qxg1+!)} (55... Rxb3 $2 {gets mated.} 56. Qh7+ Kf6 57. Qf7+ Ke5 58. Qe6#) (55... Qxb4 $2 {perishes.} 56. Ne6+ Kf6 57. Ng5 $19) 56. Qc1 (56. Rf1 $142 Qc3 57. Qb1) 56... Qe5 {[%emt 0:02:03] Threatens to win with ...Re3.} 57. Qc2 Qc3 58. Qb1 Re2 {[%emt 0:01:13][%mdl 32768] Weighted Error Value: White=0.75/Black=0.39. Loss on time!?} 1-0

[Event "1st FIDE Olympiad DIS 2023"]
[Site "Belgrade"]
[Date "2023.02.01"]
[Round "3.18"]
[White "Streltsov, Alexey"]
[Black "Kishan, Gangolli"]
[Result "0-1"]
[ECO "C18"]
[WhiteElo "2317"]
[BlackElo "2059"]
[Annotator "TA"]
[PlyCount "96"]
[EventDate "2023.01.30"]
[EventType "team-tourn"]
[EventCountry "SRB"]
[SourceTitle "playchess.com"]
[Source "ChessBase"]
[SourceQuality "1"]
[WhiteTeam "Israel"]
[BlackTeam "India"]
[WhiteTeamCountry "ISR"]
[BlackTeamCountry "IND"]
[TimeControl "40/5400+30:1800+30"]

1. e4 {[%emt 0:00:12] Knobel} e6 2. d4 d5 3. Nc3 Bb4 4. e5 c5 5. a3 Ba5 6. b4 cxd4 7. Qg4 Ne7 8. bxa5 dxc3 9. Qxg7 {[%emt 0:00:15] C18: French: 3 Nc3 Bb4: Main line: 7 h4 and 7 Qg4.} Rg8 10. Qxh7 Nbc6 11. h4 {[%emt 0:00:28] [#] White is better.} Qc7 $146 ({Predecessor:} 11... Qxa5 12. Bg5 Bd7 13. Bf6 O-O-O 14. Qd3 Rde8 15. Ne2 d4 16. h5 Nb4 17. Qc4+ Nec6 18. Nxd4 {0-1 Haugen,A (2571)-Issler,C (2587) Martin Christoffel mem Gold corr 2002}) 12. f4 Bd7 13. a6 (13. Nf3 $14) 13... b6 (13... Nd4 $1 $11) 14. Nf3 $16 O-O-O {[%emt 0:04:21] aiming for ...Nf5.} 15. Qd3 (15. Qxf7 Rdf8 16. Qh7 Nf5 $19) 15... d4 16. Rh3 {[%emt 0:20:48] Dodges Rg3} (16. Nxd4 Nxd4 17. Qxd4 Bb5 $17) 16... Nf5 17. Ng5 f6 18. exf6 e5 19. f7 $1 (19. g4 e4 20. Qd1 (20. Qxe4 $2 Rge8 $19) (20. Nxe4 Rxg4 21. h5 Nh6 $14) 20... Nxh4 21. Rxh4 Rxg5 $11) 19... Rgf8 20. Be2 {[%emt 0:00:16] And now g4 would win.} exf4 21. Bh5 $2 {[%emt 0:07:00] [#]} (21. Qe4 $1 $16 {keeps the pressure on.} Nd6 22. Qxf4) 21... Qe5+ $17 22. Qe4 {[%emt 0:04:23] [#]} Ne3 (22... Qxe4+ $1 $17 23. Nxe4 Ng7 24. Nd6+ Kb8) 23. Bxe3 $1 $11 dxe3 24. Rf3 $2 {[%emt 0:08:28] Black continues to play with concentration.} (24. Rh1 $1 $11 {and White is okay.} Qxe4 25. Nxe4) 24... Qxe4 $19 {[%emt 0:01:51][%mdl 64] Remove Defender} 25. Nxe4 Nd4 $1 $40 {[%emt 0:00:56][%csl LRc2,LRf3][%mdl 128] White is in trouble.} 26. Nxc3 $2 (26. Rb1 Nxc2+ 27. Kf1) 26... Nxc2+ (26... Nxf3+ 27. Bxf3 Rxf7 28. Rd1 $17) 27. Kf1 Nxa1 28. Rxf4 Be6 {[%emt 0:01:23] Strongly threatening ...Nc2.} 29. g4 {[%emt 0:02:20] [#]} Bxf7 $1 30. Bxf7 {[%emt 0:00:11] Hoping for g5.} Rd7 31. Ne4 (31. Ke2 $142 Rdxf7 32. Rxf7 Rxf7 33. Kxe3) 31... Rfxf7 (31... Rdxf7 $2 32. Nd6+ Kd7 33. Rxf7+ Rxf7+ 34. Nxf7 $18) (31... e2+ 32. Kxe2 Kb8 33. Ng5 $16) 32. Nd6+ Rxd6 33. Rxf7 {[%emt 0:00:03][%mdl 4096] Endgame KRN-KR} Nc2 34. Re7 Rd1+ (34... Nxa3 35. Rxe3 Nc4 36. Re8+ Rd8 37. Re7 $17) 35. Kg2 Rd2+ (35... Nxa3 36. Rxe3 Nc4 37. Re7 $17) 36. Kf1 Kd8 ({Not} 36... Nxa3 37. Rxe3 Nc4 38. Re8+ Kc7 39. g5 $17) 37. Re5 Rf2+ (37... Nxa3 $2 {perishes.} 38. Rxe3 Nc4 39. Re4 $19) 38. Kg1 Rf4 {[%emt 0:00:00] Black is clearly winning.} (38... Nxa3 39. Rxe3 Rf4 40. Rxa3 Rxg4+ 41. Kf2 $17) 39. h5 Rxg4+ 40. Kf1 Rh4 41. Ke2 Rh2+ 42. Kd3 e2 43. Rxe2 Rxe2 ({Stronger than} 43... Rxh5 44. Kxc2 Rh7 45. Rg2 $11) 44. Kxe2 {[%emt 0:00:03] KN-K3P} Ke7 (44... Nxa3 45. h6 Nc2 46. h7 Nd4+ 47. Kd3 $18) 45. a4 Nb4 46. Ke3 Nxa6 47. Ke4 Nc5+ 48. Kf5 Kf7 {[%emt 0:00:34] Weighted Error Value: White=0.59/Black=0.11 (very precise)} 0-1

[Event "1st FIDE Olympiad DIS 2023"]
[Site "Belgrade"]
[Date "2023.02.01"]
[Round "3.18"]
[White "Syed Ejaz Husain"]
[Black "Babula, Milan"]
[Result "1-0"]
[ECO "E91"]
[WhiteElo "1952"]
[BlackElo "2107"]
[Annotator "TA"]
[PlyCount "99"]
[EventDate "2023.01.30"]
[EventType "team-tourn"]
[EventCountry "SRB"]
[SourceTitle "playchess.com"]
[Source "ChessBase"]
[SourceQuality "1"]
[BlackTeam "Czech Republic"]
[BlackTeamCountry "CZE"]
[TimeControl "40/5400+30:1800+30"]

1. e4 Nc6 2. Nf3 g6 3. d4 Bg7 4. d5 Nb8 5. c4 d6 6. Nc3 Nf6 7. Be2 O-O 8. O-O Na6 {[%emt 0:02:23][%cal Bb8a6,Ba6c5,Bc5e6][%mdl 32] E91: King's Indian: Classical: 6 Be2, unusual replies including 6...c5 and 6...Bg4.} 9. Nd4 {[%emt 0:02:34] [#]} Bd7 $146 ({Predecessor:} 9... Nc5 10. f3 a5 11. Be3 e5 12. Nc2 Nfd7 13. b3 f5 14. Rb1 f4 15. Bf2 Qg5 16. Nb5 {½-½ Southam,D (2209)-Song,L (1876) Scarborough CC Winter End 2012 (2)}) 10. Be3 Nc5 {[%emt 0:06:25] White is slightly better.} 11. f3 e5 12. dxe6 fxe6 13. Qd2 {[%emt 0:02:53] White is more active.} (13. b4 {feels hotter.} Nh5 14. g3 b6 15. f4) 13... e5 14. Nc2 (14. Nb3 $5 ) 14... Ne6 15. Rfd1 Rf7 16. b4 b6 {[%emt 0:17:24] [#]} 17. c5 $1 dxc5 18. bxc5 Qe8 19. cxb6 axb6 20. Bc4 b5 21. Bb3 c5 {[%emt 0:00:25] Prevents Nb4. White must now prevent ...c4.} 22. Bxe6 {[%emt 0:03:43][%mdl 64] Remove Defender} Bxe6 23. Bxc5 Rc8 24. Bb4 Bf8 25. Bxf8 Qxf8 26. Ne3 ({Inferior is} 26. Nxb5 Qc5+ 27. Nbd4 exd4 $17) 26... Qc5 (26... Rd7 $1 $14 27. Ncd5 Bxd5 28. exd5 (28. Nxd5 Nxd5 29. exd5 Rc4 $14) 28... e4) 27. Rac1 $18 Rfc7 (27... Kg7 {might work better.} 28. Ncd5 Qa3 29. Rxc8 Bxc8 30. Nxf6 Rxf6) 28. Ne2 $2 (28. Ncd5 $18 Qxc1 29. Nxf6+ Kf7 30. Rxc1 Rxc1+ 31. Kf2 Kxf6 32. Qd6) 28... Bc4 $11 29. Kh1 Rd7 {[%emt 0:03:55][%mdl 64] Deflection} 30. Qc3 (30. Nd5 $11 {and White is okay.} Nxd5 31. exd5) 30... b4 $4 (30... Bxe2 $19 {and life is good for Black.} 31. Qxc5 Rxc5 32. Rxc5 Bxd1 33. Rxb5 Rd3) 31. Qxc4+ $18 Qxc4 32. Nxc4 Rxd1+ 33. Rxd1 Rxc4 {[%emt 0:00:06] [#]} 34. Rc1 {[%emt 0:00:41] Inhibits Rc2.} Rxc1+ 35. Nxc1 {[%emt 0:00:07][%mdl 4096] Endgame KN-KN} Nd7 36. Nd3 Kf7 37. Nxb4 Ke6 38. Kg1 Kd6 39. Nd3 Kc6 40. Kf2 Kb5 41. Ke3 Ka4 42. Kd2 Ka3 43. Nc1 {[%emt 0:00:28] aiming for Kc3.} Kb2 $2 (43... Kb4 44. Nd3+ Kb5) 44. a4 {[%emt 0:00:21] White is clearly winning.} Nb6 45. Nd3+ Kb3 46. Nxe5 Nxa4 47. Nd7 g5 48. e5 {[%emt 0:01:05][%cal Be4e5,Be5e6][%mdl 32] White threatens e6 and mate.} Nc3 49. Nf6 Nb5 50. e6 {[%emt 0:00:38] Weighted Error Value: White=0.29 (precise) /Black=0.41} 1-0

[Event "1st FIDE Olympiad DIS 2023"]
[Site "Belgrade"]
[Date "2023.02.01"]
[Round "3.19"]
[White "Valenta, Vit Vaclav"]
[Black "Sarkar, Bappi"]
[Result "1/2-1/2"]
[ECO "B18"]
[WhiteElo "2022"]
[BlackElo "1778"]
[Annotator "TA"]
[PlyCount "83"]
[EventDate "2023.01.30"]
[EventType "team-tourn"]
[EventCountry "SRB"]
[SourceTitle "playchess.com"]
[Source "ChessBase"]
[SourceQuality "1"]
[WhiteTeam "Czech Republic"]
[BlackTeam "Bangladesh"]
[WhiteTeamCountry "CZE"]
[BlackTeamCountry "BAN"]
[TimeControl "40/5400+30:1800+30"]

1. e4 c6 2. d4 d5 3. Nc3 dxe4 4. Nxe4 Bf5 5. Ng3 Bg6 6. Nf3 Nd7 7. Bc4 Ngf6 8. O-O e6 9. Re1 Be7 10. c3 O-O {[%emt 0:03:54] B18: Classical Caro-Kann: 4...Bf5 sidelines.} 11. Bg5 Nd5 12. Bxe7 Nxe7 {[%emt 0:03:17] [#] The position is equal.} 13. Nh4 $146 ({Predecessor:} 13. h4 h6 14. Qe2 Nf5 15. Nxf5 Bxf5 16. Qe3 Bg4 17. g3 Qf6 18. Nh2 Bh5 19. Bd3 {1-0 Lukash,N (2086)-Matveev,A (2114) Konakovo Rating 2009 (3)}) 13... Nf6 14. Qe2 Qc7 15. Bb3 Rad8 16. Rad1 Qf4 17. Nxg6 Nxg6 18. Bc2 Rfe8 19. h3 (19. Nh5 $5 Qg5 20. Nxf6+ gxf6 21. Qe4 $11) 19... e5 20. Ne4 Nxe4 21. Qxe4 Qxe4 22. Rxe4 exd4 23. Rdxd4 Kf8 24. Kf1 Rxd4 25. Rxd4 $11 {[%emt 0:00:04][%mdl 4096] Endgame KRB-KRN} Ke7 26. Rb4 b6 27. Ra4 a5 28. b4 axb4 29. cxb4 Kd6 30. Ra6 Rb8 31. Ra7 Ne7 32. Bb3 (32. Bxh7 $2 {too greedy.} g6 33. Ke2 Rh8 34. Bxg6 fxg6 $19) 32... f6 33. Ke2 g5 34. g3 h6 35. Kd3 b5 36. f4 Rc8 37. fxg5 (37. Ke4 $11) 37... fxg5 (37... hxg5 $15 38. a4 bxa4 39. Bxa4 Rb8) 38. Bd1 Rc7 39. Ra8 Rc8 (39... Nd5 $11) 40. Ra7 (40. Rxc8 $16 Nxc8 41. Ke4) 40... Rc7 41. Ra8 Rc8 (41... Nd5 $11 {keeps the balance.}) 42. Ra7 {[%emt 0:01:30] Weighted Error Value: White=0.15 (very precise) /Black=0.20 (precise)} (42. Rxc8 $16 Nxc8 43. Ke4) 1/2-1/2

[Event "1st FIDE Olympiad DIS 2023"]
[Site "Belgrade"]
[Date "2023.02.01"]
[Round "3.19"]
[White "Darpan, Inani"]
[Black "Gurbanov, Andrei"]
[Result "0-1"]
[ECO "C30"]
[WhiteElo "2016"]
[BlackElo "2275"]
[Annotator "TA"]
[PlyCount "76"]
[EventDate "2023.01.30"]
[EventType "team-tourn"]
[EventCountry "SRB"]
[SourceTitle "playchess.com"]
[Source "ChessBase"]
[SourceQuality "1"]
[WhiteTeam "India"]
[BlackTeam "Israel"]
[WhiteTeamCountry "IND"]
[BlackTeamCountry "ISR"]
[TimeControl "40/5400+30:1800+30"]

1. e4 e5 2. Nc3 Nf6 3. Bc4 Nc6 4. d3 Bc5 5. f4 d6 6. Nf3 a6 $1 {[%emt 0:00:39][%mdl 4] is now more promising than 6...Bg4.} 7. Nd5 Bg4 {[%emt 0:09:29] C30: King's Gambit Declined.} 8. c3 $1 O-O 9. f5 {[%emt 0:00:48] And now Bg5 would win.} Nxd5 {[%emt 0:07:09] White has an edge.} 10. Bxd5 Ne7 $1 {[%emt 0:05:55] [#] ...Nxd5 is the strong threat.} 11. Bb3 (11. Bxb7 Ra7 12. f6 gxf6 $17) 11... d5 12. h3 Bxf3 13. Qxf3 {[%emt 0:00:11] [#] f6 would be deadly.} c6 $146 (13... Qd6 $11 {remains equal.}) ({Predecessor:} 13... Qd6 14. Rf1 f6 15. g4 a5 16. a4 Qb6 17. Ba2 Kh8 18. Kd1 Rfd8 19. Kc2 Qc6 {½-½ Schatz,D (1783)-Leidner,M (1485) GER OS-283 email 2016}) 14. g4 ({Better is} 14. f6 $16) 14... Qd6 15. g5 Rad8 16. h4 Nc8 17. Ke2 (17. f6 $142) 17... Rd7 ({Black should try} 17... g6) 18. h5 Rfd8 19. g6 {[%emt 0:05:58] aiming for h6.} (19. exd5 $6 cxd5 20. g6 e4 $14) 19... fxg6 $2 (19... dxe4 $2 20. dxe4 h6 21. f6 (21. gxf7+ Kf8 $18) 21... Qxf6 22. Qxf6 (22. gxf7+ Kh8 $18) (22. Bxf7+ Rxf7 23. gxf7+ Qxf7 $16) 22... gxf6 23. Bxh6 $18 (23. gxf7+ Kh7 $16)) (19... h6 $16) 20. hxg6 $18 (20. Bg5 gxf5 21. exd5 cxd5 $16) 20... hxg6 21. Bg5 (21. Qh3 Kf7 22. exd5 cxd5 $18) 21... Rf8 22. Qh3 (22. Rae1 $142) 22... Kf7 23. fxg6+ (23. d4 exd4 24. Rae1 dxc3) (23. Rae1 $18 Ke8 24. d4) 23... Ke8 $16 24. Raf1 Qxg6 25. Rxf8+ Bxf8 26. Qg4 Nb6 27. Rh8 {[%emt 0:00:58][%mdl 1024] White has strong compensation.} Qf7 $2 (27... Rf7 $16 28. Qg3 Kd7) 28. Be3 {[%emt 0:00:40] A strong pair of Bishops.} Nc8 29. Bc5 Ne7 30. Qf3 (30. d4 $18 {avoids the disaster.} Ng8 31. Bc2 (31. Qg5 Bxc5 32. dxc5 Kf8 $16) 31... Bxc5 32. exd5) 30... Qxf3+ $19 ({Avoid the trap} 30... Ng6 $2 31. Rxf8+ (31. Qxf7+ $2 Kxf7 32. Bxf8 Nxh8 $19) 31... Nxf8 32. Qh1 $19) 31. Kxf3 Ng6 {[%emt 0:00:10][%mdl 64] [#] Discovered Attack} 32. Rg8 Kf7 33. exd5 cxd5 (33... Kxg8 $2 34. dxc6+ Rf7+ 35. Bxf7+ Kxf7 36. c7 Bxc5 37. c8=Q $18 (37. c8=R Bd6 $11)) 34. Bxf8 Kxg8 {[%emt 0:00:08] KRN-KB} 35. Bc5 Kf7 36. a4 Kf6 37. a5 Ne7 38. Bxe7+ (38. Ba4 $142 Rc7 39. Bb6) 38... Kxe7 {[%emt 0:00:09] Excellently played by Gurbanov!   Weighted Error Value: White=0.52/Black=0.35} 0-1

[Event "1st FIDE Olympiad DIS 2023"]
[Site "Belgrade"]
[Date "2023.02.01"]
[Round "3.20"]
[White "Sarkar, Ali Newaz"]
[Black "Ryvova, Anna"]
[Result "1-0"]
[ECO "B50"]
[WhiteElo "1809"]
[BlackElo "1823"]
[Annotator "NA RC COMBH"]
[PlyCount "129"]
[EventDate "2023.01.30"]
[EventType "team-tourn"]
[EventCountry "SRB"]
[SourceTitle "playchess.com"]
[Source "ChessBase"]
[SourceQuality "1"]
[WhiteTeam "Bangladesh"]
[BlackTeam "Czech Republic"]
[WhiteTeamCountry "BAN"]
[BlackTeamCountry "CZE"]
[TimeControl "40/5400+30:1800+30"]

1. e4 c5 2. Nf3 d6 3. h3 Nf6 4. Nc3 Nc6 5. a3 e6 6. Be2 Be7 7. d4 cxd4 8. Nxd4 O-O 9. O-O a6 10. Nf3 Qc7 11. Be3 b5 12. Bf4 Rd8 13. Bd3 Bb7 14. Qe2 Nd7 15. Qe3 Nce5 16. Nxe5 (16. Rad1 $1 $15) 16... Nxe5 (16... dxe5 $17 17. Bg3 Bc5) 17. Bxe5 dxe5 18. Ne2 (18. Qe2 $15 {was preferrable.}) 18... Qc6 19. Kh1 f5 20. Nc3 (20. f3 $15) 20... b4 ({Better is} 20... g6 $17) 21. axb4 Bxb4 22. f3 f4 23. Qe2 Rd6 ({Black should try} 23... Bxc3 $11 24. bxc3 a5) 24. Nb1 Rad8 ({Black should play} 24... Rdd8 $11) 25. Nd2 Bxd2 26. Qxd2 Qb6 (26... Qc7 $142) 27. Qc3 Rd4 28. Ra3 Rc8 29. Qa5 Qc5 ({Black should play} 29... Qd6) 30. Qxc5 Rxc5 31. Rb3 Rd7 32. Ra1 Rdc7 (32... g5 $142) 33. Ra4 Bc8 34. Rb8 Rb7 35. Rb4 Rxb4 36. Rxb4 Rc6 37. b3 Kf7 38. Kg1 Ke7 (38... a5 $14 39. Ra4 Rc5) 39. Kf2 Kd6 (39... Rc5 $14) 40. Ke2 Kc7 (40... Rc5 $16 {was necessary.}) 41. Ra4 Kb6 {[%emt 0:30:43] [#]} 42. b4 $1 Kc7 43. Ra5 Kd6 44. Kd2 Bb7 45. c3 Bc8 46. Kc2 Bb7 47. Kb3 Bc8 48. Bc4 Bb7 49. Ra1 Ke7 50. Ra2 Bc8 51. Bd3 Rd6 52. Kc2 Rc6 53. c4 Bb7 54. Kc3 Kd6 55. Bc2 Ke7 56. c5 g5 57. Ba4 Rc8 58. Rd2 Rd8 59. Rxd8 Kxd8 {[%emt 0:00:00] [#]} 60. c6 $1 Bc8 61. Kc4 Kc7 62. Kc5 h6 63. Bb3 h5 64. Bc4 h4 65. Be2 1-0

[Event "1st FIDE Olympiad DIS 2023"]
[Site "Belgrade"]
[Date "2023.02.01"]
[Round "3.20"]
[White "Aleksandrova, Aleksandra"]
[Black "Naveen, Kumar A."]
[Result "0-1"]
[ECO "D05"]
[WhiteElo "1701"]
[BlackElo "2014"]
[Annotator "TA"]
[PlyCount "126"]
[EventDate "2023.01.30"]
[EventType "team-tourn"]
[EventCountry "SRB"]
[SourceTitle "playchess.com"]
[Source "ChessBase"]
[SourceQuality "1"]
[WhiteTeam "Israel"]
[BlackTeam "India"]
[WhiteTeamCountry "ISR"]
[BlackTeamCountry "IND"]
[TimeControl "40/5400+30:1800+30"]

1. d4 d5 2. Nf3 Nf6 3. e3 e6 4. Bd3 c5 5. c3 Nc6 6. Nbd2 a6 {[%emt 0:12:04] D05: Colle System with ...e6.} 7. a4 Bd7 {[%emt 0:09:13] [#]} 8. Ne5 $146 ({Predecessor:} 8. O-O c4 9. Bc2 b5 10. h3 Bd6 11. Re1 O-O 12. Nf1 b4 13. Bd2 b3 14. Bb1 e5 15. dxe5 Nxe5 {½-½ Sibanc,B (1899)-Rokvic,V (1949) SLO-chT2 Ost 2009 (1)}) 8... Nxe5 {[%emt 0:16:20][%mdl 64] Remove Defender. The position is equal.} 9. dxe5 Ng8 10. O-O f5 11. exf6 Nxf6 12. e4 Qc7 13. Qe2 O-O-O 14. e5 $1 Ng8 15. Nf3 h6 16. a5 ({White should try} 16. b4) 16... g5 $16 17. h3 Ne7 18. b4 {[%emt 0:02:33] bxc5 is the strong threat.} Nc6 (18... d4 $14) 19. Be3 $1 $18 d4 20. cxd4 Nxb4 21. Bc4 Nd5 22. Bd2 (22. Rfc1 $18 {is more deadly.}) 22... Bc6 (22... Rg8 $16) 23. Rfb1 $2 (23. dxc5 $1 $18 {Hoping for Nd4.} Bg7 24. Rab1) 23... Kd7 $2 (23... Rg8 $1 $11) 24. Qd3 $2 (24. dxc5 $1 $18 Ke8 25. Nd4) 24... Be7 (24... Ke8 $14) 25. Rb2 $16 Rdg8 $2 (25... Kc8 $16) 26. Rab1 $2 (26. dxc5 $18 {Rab1 would be deadly.} g4 27. hxg4 Rxg4 28. Bxd5 Bxd5 29. c6+ bxc6 30. Rab1) 26... g4 $1 $11 27. hxg4 Rxg4 28. dxc5 Ke8 29. g3 $36 {[%emt 0:05:06][%mdl 2048] aiming for Nd4. White is pushing.} Bxc5 30. Nh2 Rd4 31. Qg6+ Qf7 $1 32. Qxf7+ Kxf7 33. Be2 Kg7 ({Better is} 33... Rc8 $14) 34. Nf3 Rg4 35. Kg2 ({White should play} 35. Rxb7+ $1 $16 Bxb7 36. Rxb7+ Kf8 37. Kg2 (37. Bxa6 $2 Rxg3+ 38. Kf1 Rxf3 $19)) 35... Rf8 (35... Rc8 $1 $11) 36. Kh3 ({White must play} 36. Rxb7+ $1 $16 Bxb7 37. Rxb7+ Kh8 38. Bxh6 Nf4+ 39. Kf1 Nxe2 40. Bxf8 (40. Kxe2 Ra8 $16) 40... Nxg3+ 41. fxg3 Bxf8 42. Kg2) 36... Re4 $1 37. Bd3 Ra4 38. Nh4 (38. Rxb7+ $11 {and White has nothing to worry.} Ne7 39. Be3 Bxb7 40. Rxb7 Bxe3 41. Rxe7+ Kh8 42. Nh4) 38... Rxf2 $19 {[%emt 0:00:24][%cal Oa4h4] White must now prevent ...Rxh4+!} (38... Bxf2 $2 39. Rxb7+ Bxb7 40. Rxb7+ Rf7 41. Bxh6+ (41. Bxa6 $2 {perishes.} Ra3 $19) 41... Kxh6 42. Rxf7 $18) 39. Ng6 {[%emt 0:01:15] Inhibits Rxh4+.} (39. Be1 {might work better.} Rxb2 40. Rxb2) 39... Ra3 40. Be4 {[%emt 0:00:45] [#]} Nf4+ $1 {[%emt 0:00:20][%mdl 576] Discovered Attack} 41. Nxf4 Bxe4 42. Rxb7+ Bxb7 $2 (42... Kg8 $1 $19 {has better winning chances. ( -> ...Bf5+)} 43. Rb8+ Bf8 44. Rxf8+ {[%mdl 64] Decoy} Kxf8 45. Bb4+ Kf7 46. Bxa3 Bxb1) 43. Rxb7+ $17 Kg8 44. Bc1 (44. Nxe6 $17 {was necessary.} Rxd2 45. Nxc5) 44... Rxa5 $2 (44... Rc3 $19 45. Rb8+ Kf7) 45. Nxe6 $15 Rf7 46. Rb8+ Kh7 $1 47. Nd8 (47. Bd2 $15 Ra2 48. Bf4) 47... Rg7 (47... Rf1 $142 $1 48. Bf4 Rb5) 48. Nc6 $2 (48. Ne6 $17) 48... Rb5 $19 {[%emt 0:00:13] And now ...Rc7 would win.} 49. Ra8 Rb3 50. Bf4 Bf2 51. Na5 $2 (51. Rxa6 Bxg3 52. Nd4 Bxf4+ 53. Nxb3 Rg3+ 54. Kh4 Rxb3 55. Kh5) 51... Rc3 52. Rxa6 Bxg3 {[%emt 0:00:32] Black mates.} 53. Rxh6+ Kg8 54. Bxg3 Rcxg3+ {[%emt 0:00:07] KRR-KRN} (54... Rgxg3+ 55. Kh2 $17) 55. Kh2 {[%emt 0:00:51] [#]} Rg2+ $1 56. Kh3 Rg1 57. Kh2 {[%emt 0:00:17] [#]} R7g2+ $1 58. Kh3 Ra2 59. Ra6 Rga1 60. Ra8+ Kg7 61. Ra7+ Kg6 62. e6 Rxa5 63. e7 Kf7 {[%emt 0:00:02] Never resign too early!   Weighted Error Value: White=0.70/Black=0.44} ({Not} 63... Rxa7 64. e8=Q+ Rf7 65. Kh4 Rh1+ 66. Kg4 $11) 0-1